 Dungeon Crawl Stone Soup version 0.29-a0-775-g4d7333d4e2 (webtiles) character file.

Game seed: 8013005165522382875

171787 Anon1729 the Brawler (level 17, -1/156 HPs)
             Began as a Minotaur Monk on July 1, 2022.
             Was a High Priest of Uskayaw.
             Slain by a spark wasp (12 damage)
             ... on level 4 of the Spider Nest.
             The game lasted 00:47:52 (44402 turns).

Anon1729 the Brawler (Minotaur Monk)               Turns: 44402, Time: 00:47:52

Health: -1/156     AC: 42    Str: 25    XL:     17   Next: 40%
Magic:  28/28      EV: 11    Int: 13    God:    Uskayaw [*****.]
Gold:   2230       SH:  0    Dex: 15    Spells: 16/16 levels left

rFire   + . .      SeeInvis +     - Unarmed
rCold   + + .      Faith    +   (no shield)
rNeg    . . .      Spirit   .   L - +8 crystal plate armour
rPois   +          Reflect  .   (helmet restricted)
rElec   .          Harm     .   t - +0 cloak
rCorr   .          Rampage  .   s - +2 pair of gloves of Free Expression {rPois rC++ Will+ Dex-2}
Will    ++...                   I - +2 pair of boots
Stlth   ..........              q - amulet of faith
HPRegen 0.36/turn               S - ring "Odghofose" {rF+ Str+3 Int+6 Dex+2}
MPRegen 0.21/turn               X - ring of see invisible

@: studying Armour
A: horns 2, retaliatory headbutt
a: Renounce Religion, Stomp, Line Pass, Grand Finale


You were on level 4 of the Spider Nest.
You worshipped Uskayaw.
Uskayaw was most pleased with you.
You visited 4 branches of the dungeon, and saw 27 of its levels.
You also visited: Sewer, Ossuary, Bailey, Ice Cave and Volcano.

You collected 3101 gold pieces.
You spent 871 gold pieces at shops.

Inventory:

Missiles
 z - 5 curare-tipped darts
 C - 25 poisoned darts (quivered)
 F - 3 throwing nets
Armour
 s - the +2 pair of gloves of Free Expression (worn) {rPois rC++ Will+ Dex-2}
   (You found it on level 1 of the Orcish Mines)

   Dex:       It affects your dexterity (-2).
   rC:        It greatly protects you from cold.
   rPois:     It protects you from poison.
   Will:      It increases your willpower.
 t - a +0 cloak (worn)
 I - a +2 pair of boots (worn)
 L - a +8 crystal plate armour (worn)
 Z - a +2 hat
Magical Staves
 N - a staff of air
Jewellery
 o - a ring of ice
 q - an amulet of faith (around neck)
 r - a ring of flight
 J - the ring of Nuirr {Fire *Slow rN+++ rCorr}
   (You took it off an orc priest on level 1 of the Orcish Mines)

   [ring of fire]

   It enhances your fire magic.
   rF:        It protects you from fire.
   rC:        It makes you vulnerable to cold.
   rN:        It renders you almost immune to negative energy.
   rCorr:     It protects you from acid and corrosion.
   *Slow:     It may slow you when you take damage.
 K - a +6 ring of dexterity
 S - the ring "Odghofose" (left hand) {rF+ Str+3 Int+6 Dex+2}
   (You bought it in a shop on level 2 of the Orcish Mines)

   [ring of intelligence]

   Str:       It affects your strength (+3).
   Int:       It affects your intelligence (+6).
   Dex:       It affects your dexterity (+2).
   rF:        It protects you from fire.
 V - a +4 ring of evasion
 W - a ring of fire
 X - a ring of see invisible (right hand)
 Y - an amulet of regeneration
Wands
 y - a wand of digging (11)
 D - a wand of flame (63)
 E - a wand of charming (34)
 O - a wand of polymorph (14)
 P - a wand of light (7)
Scrolls
 c - 4 scrolls of blinking
 d - 4 scrolls of vulnerability
 h - 7 scrolls of teleportation
 i - 5 scrolls of fog
 m - 4 scrolls of immolation
 p - 2 scrolls of amnesia
 u - 10 scrolls of fear
 G - 3 scrolls of poison
 M - a scroll of silence
 Q - 2 scrolls of torment
 U - a scroll of summoning
Potions
 b - 2 potions of ambrosia
 e - 7 potions of curing
 f - 2 potions of attraction
 g - a potion of cancellation {unknown}
 j - 5 potions of haste
 k - 8 potions of heal wounds
 l - 2 potions of invisibility {unknown}
 n - 13 potions of brilliance
 v - 3 potions of lignification
 w - 3 potions of flight
 x - 10 potions of mutation
 A - a potion of resistance {unknown}
 B - 5 potions of magic
 H - 6 potions of might {unknown}
 T - 3 potions of berserk rage {unknown}
Miscellaneous
 a - a condenser vane
 R - a phial of floods


   Skills:
 + Level 15.1 Fighting
 * Level 17.7 Armour
 + Level 14.0 Dodging
 - Level 2.0 Stealth
 * Level 18.7 Unarmed Combat
 * Level 16.8 Invocations


You had 16 spell levels left.
You didn't know any spells.
Your spell library contained the following spells:

 Spells                   Type           Power      Damage    Failure   Level
 Freeze                   Ice            0%         1d3       99%         1
 Shock                    Conj/Air       0%         1d3       99%         1
 Slow                     Hex            0%         N/A       99%         1
 Sting                    Tmut/Pois      0%         1d3       99%         1
 Summon Small Mammal      Summ           0%         N/A       99%         1
 Poisonous Vapours        Pois/Air       0%         N/A       100%        2
 Static Discharge         Conj/Air       0%         3-3/arc   100%        2
 Sublimation of Blood     Necr           0%         N/A       100%        2
 Wereblood                Tmut           0%         N/A       100%        2
 Call Canine Familiar     Summ           0%         N/A       100%        3
 Confusing Touch          Hex            0%         N/A       100%        3
 Dazzling Flash           Conj/Hex       0%         N/A       100%        3
 Frozen Ramparts          Ice            0%         1d2       100%        3
 Gell's Gravitas          Tloc           0%         N/A       100%        3
 Ignite Poison            Fire/Tmut/Pois 0%         N/A       100%        3
 Mephitic Cloud           Conj/Pois/Air  0%         N/A       100%        3
 Portal Projectile        Hex/Tloc       0%         N/A       100%        3
 Summon Guardian Golem    Hex/Summ       0%         N/A       100%        3
 Swiftness                Air            0%         N/A       100%        3
 Teleport Other           Tloc           0%         N/A       100%        3
 Vampiric Draining        Necr           0%         2d6       100%        3
 Airstrike                Air            0%         0-1+      100%        4
 Dispel Undead            Necr           0%         3d6       100%        4
 Hailstorm                Conj/Ice       0%         3d3       100%        4
 Leda's Liquefaction      Hex/Erth       0%         N/A       100%        4
 Olgreb's Toxic Radiance  Pois           0%         N/A       100%        4
 Sticky Flame             Conj/Fire      0%         2d3       100%        4
 Summon Lightning Spire   Summ/Air       0%         N/A       100%        4
 Agony                    Necr           0%         N/A       100%        5
 Freezing Cloud           Conj/Ice/Air   0%         6-21      100%        5
 Lightning Bolt           Conj/Air       0%         1d11      100%        5
 Silence                  Hex/Air        0%         N/A       100%        5
 Dispersal                Tloc           0%         N/A       100%        6
 Simulacrum               Ice/Necr       0%         N/A       100%        6
 Summon Hydra             Summ           0%         N/A       100%        7
 Polar Vortex             Ice            0%         N/A       100%        9


Dungeon Overview and Level Annotations

Branches:
Dungeon (15/15)            Temple (0/1) D:5            Lair (6/6) D:8
  Swamp (0/4) Lair:3       Spider (4/4) Lair:2        Slime (0/5) Lair:6
    Orc (2/2) D:11            Elf (0/3) Orc:2        Vaults (0/5) D:14
 Depths (0/4) D:15          Sewer (visited)         Ossuary (visited)
 Bailey (visited)           IceCv (visited)         Volcano (visited)

Altars:
Dithmenos
Elyvilon
Gozag
Hepliaklqana
Makhleb
Nemelex Xobeh
Okawaru
Qazlal
Sif Muna
Uskayaw
Vehumet
Xom
Yredelemnul
Zin
The Shining One
Beogh
Jiyva

Shops:
D:7 (   D:11 (   Orc:2 [*=(

Annotations:
D:6 exclusion: swamp worm


Innate Abilities, Weirdness & Mutations

You have a pair of horns on your head.
You reflexively headbutt those who attack you in melee.


Message History

The wolf spider bites you but does no damage.
The meliai barely misses you. The meliai closely misses you.
The meliai calls upon its god to heal the meliai.
The meliai is healed somewhat.
A tarantella comes into view.
The jumping spider leaps!
A culicivora comes into view.
The spark wasp attacks as you move away!
The spark wasp stings you! The spark wasp shocks you!
* * * LOW HITPOINT WARNING * * *
The wolf spider attacks as you move away!
The wolf spider closely misses you. You furiously retaliate!
You headbutt the wolf spider, but do no damage.
The wolf spider bites you.
* * * LOW HITPOINT WARNING * * *
The meliai attacks as you move away! The meliai hits you but does no damage.
The meliai closely misses you. The meliai hits you with a +0 war axe!
* * * LOW HITPOINT WARNING * * *
The meliai stings you but does no damage.
The meliai hits you with a +1 hand axe of flaming.
* * * LOW HITPOINT WARNING * * *
The meliai barely misses you.
As you read the scroll of fear, it crumbles to dust.
You assume a fearsome visage.
The wolf spider looks frightened!
The pharaoh ant is unaffected.
The jumping spider looks frightened!
The wolf spider looks frightened!
The pharaoh ant is unaffected.
The wolf spider looks frightened!
The culicivora resists with some effort.
The culicivora looks frightened!
The wolf spider looks frightened!
The demonic crawler easily resists.
The meliai looks frightened! x2
The meliai resists with some effort.
The pharaoh ant is unaffected.
The wolf spider looks frightened!
The redback looks frightened!
The culicivora looks frightened! x2
The spark wasp resists with some effort.
The tarantella resists with some effort.
The wolf spider looks frightened!
The jumping spider leaps!
The spark wasp stings you!
* * * LOW HITPOINT WARNING * * *
The spark wasp shocks you!
You die...

#....##...^...#....
#........y...○....
####......#.....#...
##..#......#...#^^..^
#.......#.##....^#^#.
###............?....≈..
#........†.........≈≈.#
.......yy.<.......^.≈..
...#..s.@.#......^#^#s
#.....Bys#.......≈# ..
......sssy...$.....≈≈ .
.^....Bss.s......^.≈^.
.....^s.............^.
...Bs○...#s..#.....≈.
...#.............#^
.......°.B.s..s.
.......#......


You could see a spark wasp, a demonic crawler, 6 wolf spiders, 4 culicivoras, 3
pharaoh ants, a tarantella, a redback (fleeing) and 3 meliai.

Vanquished Creatures
  Jorgrun (D:14)
  Kirke (Lair:6)
  An emperor scorpion (Spider:3)
  The ghost of Vorhees the Warrior, an adept GrFi of Okawaru (Spider:1)
  2 ghost moths
  2 orc warlords
  The ghost of anonymous the Fighter, a journeyman MiGl of the Shining One (Lair:6)
  The ghost of Rapnuew the Grappler, a journeyman DrTm of Ru (Orc:1)
  3 broodmothers
  2 very ugly things (D:15)
  A white draconian (IceCv)
  The ghost of Vorhees the Bludgeoner, a journeyman GrFi of Okawaru (Lair:4)
  Josephine (D:13)
  Fannar (D:11)
  A great orb of eyes (D:15)
  4 vault guards (D:14)
  2 catoblepae (Lair:6)
  8 two-headed ogres
  6 boulder beetles
  A merfolk avatar (Lair:6)
  8 hydras
  An alligator (Lair:4)
  3 centaur warriors (D:14)
  2 ogre magi
  8 death yaks (Lair:6)
  2 tengu warriors
  Urug (Lair:5)
  5 orc high priests
  Nergalle (Orc:1)
  A sun demon (Volcano)
  3 sea snakes (Lair:6)
  4 pharaoh ants
  3 skeletal warriors (D:14)
  A sun moth (Spider:4)
  A steelbarb worm (Spider:3)
  6 orb spiders
  A lindwurm (Lair:4)
  15 orc knights
  Pikel (D:7)
  A harpy (Lair:6)
  8 wolf spiders
  4 deep elf pyromancers
  5 orc sorcerers
  2 manticores
  23 elephants
  32 ugly things
  A faun (shapeshifter) (D:14)
  5 moths of wrath
  5 cyclopes
  2 ice statues (IceCv)
  3 torpor snails
  6 black mambas
  A gargoyle (D:14)
  11 cane toads
  2 demonic crawlers (Spider:2)
  Maggie (D:8)
  10 rime drakes
  An efreet (D:11)
  4 unseen horrors
  21 komodo dragons
  2 yaktaurs
  A tengu conjurer (D:13)
  4 red devils (Volcano)
  7 trolls
  5 meliai
  13 tarantellas
  3 polar bears
  21 slime creatures
  Prince Ribbit (D:8)
  25 blink frogs
  4 snapping turtles (Lair:6)
  A slime creature (shapeshifter) (D:15)
  12 jumping spiders
  2 centaur simulacra
  9 dream sheep
  12 culicivoras
  12 spriggans (Lair:1)
  56 yaks
  6 wyverns
  A water elemental (D:15)
  6 wraiths
  A shadow (D:11)
  2 hogs (Lair:6)
  4 steam dragons
  10 vampire mosquitoes
  8 basilisks
  A redback simulacrum (D:14)
  5 wargs
  37 redbacks
  20 water moccasins
  43 orc warriors
  2 black bears
  An ice beast (D:7)
  A boggart (D:14)
  16 wolves
  11 ogres
  13 centaurs
  A lemure (D:7)
  2 kobold brigands
  Blork the orc (D:6)
  An elf zombie (Ossuary)
  A gnoll sergeant (D:7)
  17 bullfrogs
  A necrophage (D:7)
  3 scorpions
  18 wights
  47 killer bees
  A lindwurm simulacrum (IceCv)
  2 electric eels (Lair:5)
  5 howler monkeys
  A lava snake (D:10)
  2 jellies
  4 komodo dragon simulacra (IceCv)
  A hound (D:6)
  2 human zombies (Ossuary)
  13 orc priests
  A bouda (D:5)
  Ijyb (D:3)
  3 iguanas
  23 orc wizards
  A hound zombie (Ossuary)
  4 mummies (Ossuary)
  9 acid dragon simulacra (IceCv)
  12 gnolls
  11 adders
  3 river rats (Sewer)
  7 steam dragon simulacra (IceCv)
  3 adder zombies (Ossuary)
  5 worms
  3 dart slugs
  66 orcs
  8 ball pythons
  7 endoplasms
  5 giant cockroaches
  3 goblins
  4 hobgoblins
  7 jackals (Sewer)
  11 kobolds
  2 quokkas (D:3)
  4 bats
  6 frilled lizards
  A hobgoblin zombie (Ossuary)
  A jackal zombie (Ossuary)
  A kobold zombie (Ossuary)
  9 rats
  2 rat zombies (Ossuary)
980 creatures vanquished.

Vanquished Creatures (others)
  3 humans (Lair:6)
  A yak (D:8)
  2 orcs (Orc:1)
  34 fungi
  82 plants
122 creatures vanquished.

Grand Total: 1102 creatures vanquished

Notes
Turn   | Place    | Note
-------+----------+-------------------------------------------
     0 | D:1      | Anon1729 the Minotaur Monk began the quest for the Orb.
     0 | D:1      | Reached XP level 1. HP: 19/19 MP: 0/0
   265 | D:1      | Reached XP level 2. HP: 24/27 MP: 1/1
  1222 | D:2      | Found a faded altar of an unknown god.
  1238 | D:2      | Prayed at the altar of an unknown god.
  1238 | D:2      | Became a worshipper of Uskayaw the Reveller
  1238 | D:2      | Reached * piety under Uskayaw
  1238 | D:2      | Reached ** piety under Uskayaw
  1671 | D:3      | Reached *** piety under Uskayaw
  1673 | D:3      | Reached XP level 3. HP: 27/33 MP: 2/2
  1773 | D:3      | Reached skill level 1 in Armour
  1773 | D:3      | Reached skill level 4 in Unarmed Combat
  1774 | D:3      | Reached **** piety under Uskayaw
  1779 | D:3      | Reached ***** piety under Uskayaw
  2008 | D:3      | Reached XP level 4. HP: 37/40 MP: 3/3
  2116 | D:3      | Noticed Ijyb
  2134 | D:3      | Killed Ijyb
  2202 | D:3      | Found a glowing drain.
  2216 | Sewer    | Entered a sewer
  2362 | Sewer    | Reached XP level 5. HP: 18/47 MP: 4/4
  2854 | Sewer    | Reached skill level 5 in Unarmed Combat
  3581 | D:3      | Reached skill level 5 in Fighting
  3581 | D:3      | Reached XP level 6. HP: 52/56 MP: 5/5
  4337 | D:4      | Reached skill level 1 in Invocations
  4437 | D:5      | Entered Level 5 of the Dungeon
  4453 | D:5      | Found a glowing golden altar of the Shining One.
  4459 | D:5      | Found a sparkling altar of Nemelex Xobeh.
  4471 | D:5      | Found a glowing silver altar of Zin.
  4571 | D:5      | Reached XP level 7. HP: 33/61 MP: 7/7
  4571 | D:5      | Found a staircase to the Ecumenical Temple.
  4647 | D:5      | Found a shimmering altar of Xom.
  4648 | D:5      | Found a stormy altar of Qazlal.
  4650 | D:5      | Found a hazy altar of Hepliaklqana.
  4654 | D:5      | Found an opulent altar of Gozag.
  4656 | D:5      | Found a shadowy altar of Dithmenos.
  4656 | D:5      | Found a burning altar of Makhleb.
  4659 | D:5      | Found an iron altar of Okawaru.
  4776 | D:5      | Reached skill level 6 in Unarmed Combat
  4804 | D:5      | Reached skill level 5 in Dodging
  4838 | D:5      | Found a sand-covered staircase.
  4849 | Ossuary  | Entered an ossuary
  5629 | D:5      | Reached XP level 8. HP: 58/70 MP: 9/9
  6341 | D:6      | Noticed Blork the orc
  6359 | D:6      | Killed Blork the orc
  6360 | D:6      | Reached skill level 7 in Unarmed Combat
  7167 | D:7      | Noticed Pikel
  7185 | D:7      | Killed Pikel
  7299 | D:7      | Found a white marble altar of Elyvilon.
  7342 | D:7      | Reached skill level 5 in Armour
  7342 | D:7      | Reached skill level 5 in Invocations
  7347 | D:7      | Reached XP level 9. HP: 51/78 MP: 11/11
  7562 | D:7      | Reached skill level 8 in Unarmed Combat
  7807 | D:7      | Noticed a cyan ugly thing
  7828 | D:8      | Found a flagged portal.
  7833 | Bailey   | Entered a bailey
  8367 | Bailey   | Noticed an orc knight
  8404 | Bailey   | Identified the +5 kite shield of the Present {Rampage Will-
                  | Stlth+}
  8415 | Bailey   | Noticed an orc knight
  8753 | Bailey   | Killed an orc knight
  9063 | Bailey   | Killed an orc knight
  9189 | Bailey   | Reached skill level 9 in Unarmed Combat
  9366 | D:8      | Killed a cyan ugly thing
  9482 | D:8      | Reached XP level 10. HP: 41/88 MP: 14/14
  9708 | D:7      | Found Zujar's Antique Weapon Emporium.
 10089 | D:7      | Found a basalt altar of Yredelemnul.
 10426 | D:8      | Noticed Maggie
 10444 | D:8      | Killed Maggie
 10444 | D:8      | Noticed an elephant
 10453 | D:8      | Reached ****** piety under Uskayaw
 10456 | D:8      | Killed an elephant
 10457 | D:8      | Reached skill level 10 in Unarmed Combat
 10721 | D:8      | Found a staircase to the Lair.
 10755 | D:8      | Noticed Prince Ribbit
 10758 | D:8      | Killed Prince Ribbit
 11129 | D:8      | You fall into a shaft and drop 3 floors!
 11135 | D:11     | Noticed a boulder beetle
 11152 | D:11     | Killed a boulder beetle
 11384 | D:10     | Entered Level 10 of the Dungeon
 11478 | D:10     | Reached XP level 11. HP: 68/95 MP: 16/16
 11609 | D:10     | Found a shimmering blue altar of Sif Muna.
 12412 | D:9      | Reached skill level 11 in Unarmed Combat
 13354 | D:10     | Found a radiant altar of Vehumet.
 13854 | D:11     | Noticed a six-headed hydra
 13864 | D:11     | Killed a six-headed hydra
 14003 | D:11     | Noticed a boulder beetle
 14045 | D:11     | Killed a boulder beetle
 14226 | D:11     | Found Cuahir's Weapon Shoppe.
 14237 | D:11     | Found a staircase to the Orcish Mines.
 14340 | D:11     | Reached skill level 12 in Unarmed Combat
 14351 | D:11     | Noticed Fannar
 14375 | D:11     | Killed Fannar
 14376 | D:11     | Reached skill level 10 in Invocations
 14376 | D:11     | Reached XP level 12. HP: 42/106 MP: 18/18
 14378 | D:11     | Reached skill level 10 in Fighting
 14696 | D:11     | Noticed an ogre mage
 14699 | D:11     | Paralysed by an ogre mage for 4 turns
 14708 | D:11     | Killed an ogre mage
 14746 | D:11     | Noticed a boulder beetle
 15725 | D:11     | Noticed a two-headed ogre
 15733 | D:11     | Killed a two-headed ogre
 15937 | D:11     | Killed a boulder beetle
 16425 | D:12     | Noticed a two-headed ogre
 16436 | D:12     | Killed a two-headed ogre
 16647 | D:12     | Noticed a boulder beetle
 16679 | D:12     | Killed a boulder beetle
 16972 | D:12     | Reached skill level 13 in Unarmed Combat
 18114 | D:13     | Reached skill level 10 in Armour
 18202 | D:13     | Reached skill level 10 in Dodging
 18363 | D:13     | Noticed a boulder beetle
 18373 | D:13     | Noticed Josephine
 18376 | D:13     | Noticed a tengu warrior
 18378 | D:13     | Killed a boulder beetle
 18385 | D:13     | Killed a tengu warrior
 18386 | D:13     | Reached XP level 13. HP: 27/116 MP: 11/20
 18443 | D:13     | Killed Josephine
 19728 | D:14     | Found a gate to the Vaults.
 19757 | D:14     | Reached skill level 14 in Unarmed Combat
 22011 | D:14     | Noticed Jorgrun
 22131 | D:14     | HP: 5/118 [Jorgrun/+0 vorpal quarterstaff (1)]
 22618 | D:14     | Killed Jorgrun
 22619 | D:14     | Reached XP level 14. HP: 65/126 MP: 22/22
 22828 | D:15     | Entered Level 15 of the Dungeon
 22916 | D:15     | Reached skill level 15 in Unarmed Combat
 24804 | D:15     | Noticed a white very ugly thing
 24804 | D:15     | Noticed a green very ugly thing
 24813 | D:15     | Killed a white very ugly thing
 24817 | D:15     | Killed a white very ugly thing
 24863 | D:15     | Found a staircase to the Depths.
 25393 | Lair:1   | Entered Level 1 of the Lair of Beasts
 25602 | Lair:1   | Identified the +2 ring mail "Cynouptett" {rC+ Str-5 Dex+3}
 26433 | Lair:1   | Reached skill level 16 in Unarmed Combat
 26908 | Lair:2   | Found a hole to the Spider Nest.
 27143 | Lair:2   | Reached XP level 15. HP: 112/135 MP: 24/24
 27808 | Lair:3   | Found a staircase to the Swamp.
 28984 | Lair:4   | Found a frozen archway.
 29020 | IceCv    | Entered an ice cave
 29479 | IceCv    | Identified the +12 arbalest of the Pyrrhic Victory {venom,
                  | rPois Str+3 Int+3 Dex+4}
 30195 | Lair:4   | Noticed Vorhees's ghost (journeyman GrFi)
 30211 | Lair:4   | Found a transporter.
 30225 | Lair:4   | Found a transporter.
 30604 | Lair:4   | Killed Vorhees's ghost
 31644 | Lair:5   | Identified the +8 plate armour of Anaesthesia {rF+ rN+
                  | Stlth+}
 31644 | Lair:5   | Noticed Urug
 31660 | Lair:5   | Killed Urug
 31823 | Lair:5   | Reached skill level 15 in Invocations
 31834 | Lair:5   | Reached skill level 17 in Unarmed Combat
 32645 | Lair:6   | Entered Level 6 of the Lair of Beasts
 32711 | Lair:6   | Found a staircase to the Slime Pits.
 32711 | Lair:6   | Found a viscous altar of Jiyva.
 32757 | Lair:6   | Identified a scroll of acquirement
 32781 | Lair:6   | Acquired a manual of Armour
 33337 | Lair:6   | Noticed anonymous's ghost (journeyman MiGl)
 33346 | Lair:6   | Reached XP level 16. HP: 140/146 MP: 26/26
 33354 | Lair:6   | Noticed Kirke
 33379 | Lair:6   | Killed Kirke
 33517 | Lair:6   | Found a runed translucent gate.
 33517 | Lair:6   | Found a runed translucent gate.
 33731 | Lair:6   | Found a runed translucent gate.
 33970 | Lair:6   | Identified the ring "Sytaol" {rF+ rN+ Dex+6 Slay-4}
 34644 | Lair:6   | Killed anonymous's ghost
 34940 | Orc:1    | Entered Level 1 of the Orcish Mines
 35400 | Orc:1    | Noticed Nergalle
 35419 | Orc:1    | Killed Nergalle
 35849 | Orc:1    | Found a runed translucent gate.
 35849 | Orc:1    | Noticed Rapnuew's ghost (journeyman DrTm)
 35850 | Orc:1    | Found a runed translucent gate.
 35851 | Orc:1    | Found a runed translucent gate.
 35851 | Orc:1    | Identified the +1 plate armour "Xomp" {Fly Slay+2}
 35854 | Orc:1    | Identified the +0 robe "Tanyatso" {rN+ Int+6}
 35854 | Orc:1    | Identified the ring of Nuirr {Fire *Slow rN+++ rCorr}
 36035 | Orc:1    | Killed Rapnuew's ghost
 36036 | Orc:1    | Reached skill level 15 in Armour
 36645 | Orc:1    | Identified the +2 pair of gloves of Free Expression {rPois
                  | rC++ Will+ Dex-2}
 36695 | Orc:2    | Entered Level 2 of the Orcish Mines
 36695 | Orc:2    | Found Hienyfull's Antique Weapon Emporium.
 37117 | Orc:2    | Reached skill level 18 in Unarmed Combat
 37134 | Orc:2    | Found Haceusch's Jewellery Emporium.
 37156 | Orc:2    | HP: 5/147 [orc high priest/divine providence (15)]
 37222 | Orc:2    | Bought the ring "Odghofose" {rF+ Str+3 Int+6 Dex+2} for 605
                  | gold pieces
 37236 | Orc:2    | Found a dark tunnel.
 37317 | Volcano  | Entered a volcano
 37928 | Orc:2    | Found a staircase to the Elven Halls.
 37968 | Orc:2    | Found Buin's General Store.
 37995 | Orc:2    | Bought a potion of lignification for 39 gold pieces
 37995 | Orc:2    | Bought a potion of curing for 39 gold pieces
 37995 | Orc:2    | Bought a scroll of teleportation for 39 gold pieces
 37995 | Orc:2    | Bought a scroll of fear for 45 gold pieces
 37995 | Orc:2    | Bought a potion of magic for 104 gold pieces
 38106 | Orc:2    | Found Tofuonosh's Antique Armour Emporium.
 39286 | Spider:1 | Entered Level 1 of the Spider Nest
 39429 | Spider:1 | Found a runed translucent gate.
 39429 | Spider:1 | Found a runed translucent gate.
 39429 | Spider:1 | Found a runed translucent gate.
 40531 | Spider:1 | Noticed Vorhees's ghost (adept GrFi)
 40559 | Spider:1 | Killed Vorhees's ghost
 41388 | Spider:2 | Reached XP level 17. HP: 154/154 MP: 28/28
 42752 | Spider:3 | Reached skill level 15 in Fighting
 44214 | Spider:4 | Entered Level 4 of the Spider Nest
 44402 | Spider:4 | Slain by a spark wasp

Illustrated notes

Levels and vault maps discovered:
D:1:      dpeg_arrival_prison, layout_loops_ring
D:2:      layout_basic, shapermc_ecumenical_altar_totnotflames,
          hangedman_decor_growths
D:3:      layout_loops_cross, cheibrodos_sewer_entry_sluice,
          serial_park_tiny_pond, uniq_ijyb
D:4:      layout_loops_ring, nicolae_ashenzari_skybound, grunt_ministairs_8,
          nicolae_wooded_promenade, minmay_quadrilaterals
D:5:      layout_rooms, minmay_overflow_temple_star_quad, minitemple,
          minmay_temple_entry_statues_fountains, nicolae_ossuary_entry_plus
D:6:      nicolae_cairo_tiling_very_big, layout_gridville, uniq_blork_the_orc
D:7:      layout_basic, kennysheep_ying_yang, serial_shops, shop, worms_lemuel,
          uniq_pikel
D:8:      wad_pebble_path, layout_basic, david_lair_generic, enter_bailey_2,
          uniq_prince_ribbit1, uniq_maggie
D:9:      layout_gridville
D:10:     layout_roguey, mainiacjoe_overflow_catch_the_wave
D:11:     minmay_blocky_corners, layout_cave_pools,
          minmay_orc_entry_temple_small, serial_shops, shop,
          corexii_leaking_fountain, uniq_fannar
D:12:     layout_basic
D:13:     layout_long_grid, uniq_josephine
D:14:     layout_stronghold, lightli_vaults_fourway_checkpoint, minivault_14,
          uniq_jorgrun
D:15:     gammafunk_enter_depths_forms, layout_long_grid, lightli_minifort
Lair:1:   wad_woods_minihive, layout_misc_corridors
Lair:2:   layout_gridlike, hellmonk_spider_entry_not_the_bees,
          nicolae_lair_grove_arrangements, grunt_megastairs_4,
          infiniplex_staircase_pool_2, lemuel_fruit_tree
Lair:3:   layout_cave_pods, swamp_mist_pool
Lair:4:   nzn_winding_woodlands_cross [nzn_winding_woodlands_5x15_lazy_stream,
          nzn_winding_woodlands_5x15_pathside_ponds,
          nzn_winding_woodlands_5x15_zeroes,
          nzn_winding_woodlands_5x15_concentric,
          nzn_winding_woodlands_15x15_boxy_spiral], layout_concentric_octagons,
          gammafunk_ghost_berserking_beasts, portal_ice_cave_entry_pillars_1
Lair:5:   layout_cellular_growth, grunt_megastairs_3, infiniplex_staircase_pool,
          serial_bayou_shore_a, uniq_urug
Lair:6:   gammafunk_lair_ancient_temple, layout_long_grid, slime_entry_1,
          gammafunk_ghost_split, uniq_kirke
Spider:1: layout_chambers, ebering_ghost_rock_garden
Spider:2: layout_spider_delve, hangedman_spider_tarantella_strand
Spider:3: layout_cave_pods
Spider:4: grunt_spider_rune_island, gammafunk_ghost_cemetery
Orc:1:    layout_caves, basic_altar, biasface_ghost_orc_armoury, uniq_nergalle
Orc:2:    grunt_orc_gardens, layout_diamond_mine, grunt_orc_garden,
          grunt_orc_garden, grunt_orc_garden, grunt_orc_garden, enter_volcano_1,
          rock_pile

Skill      XL: |  1  2  3  4  5  6  7  8  9 10 11 12 13 14 15 16 17 |
---------------+----------------------------------------------------+-----
Stealth        | 2 |  2.0
Fighting       | 4 5 6 7 8 9 11 12 13 14 15 | 15.1
Armour         | 1 2 3 5 6 7 8 10 11 12 13 16 17 | 17.7
Unarmed Combat | 4 5 6 7 9 10 12 13 14 16 17 18 | 18.7
Dodging        | 4 5 6 7 8 9 10 11 12 13 14 | 14.0
Invocations    | 1 3 5 6 8 10 11 12 14 15 16 | 16.8

Action                   |  1- 3 |  4- 6 |  7- 9 | 10-12 | 13-15 | 16-18 || total
-------------------------+-------+-------+-------+-------+-------+-------++-------
Melee: Unarmed           |    77 |   296 |   301 |   588 |  1078 |   810 ||  3150
       Headbutt          |     8 |    53 |    68 |   177 |   284 |   238 ||   828
       Punch             |     1 |     8 |    16 |    51 |   146 |   102 ||   324
Throw: Dart              |       |       |     9 |    26 |       |       ||    35
Invok: Line Pass         |       |       |     2 |       |     3 |     3 ||     8
       Stomp             |       |       |     2 |       |       |     3 ||     5
       Grand Finale      |       |       |       |     1 |     2 |       ||     3
Evoke: Wand              |       |       |     7 |       |     5 |     1 ||    13
       Phial of floods   |       |       |       |     1 |     1 |       ||     2
  Use: Scroll            |       |       |     8 |     2 |    19 |     7 ||    36
       Potion            |       |       |     1 |       |     7 |     2 ||    10
 Stab: Sleeping          |     1 |       |       |       |       |       ||     1
       Paralysed         |     3 |     2 |    22 |    70 |   137 |   101 ||   335
       Invisible         |       |       |       |       |     1 |     3 ||     4
       Confused          |       |       |       |       |     1 |     1 ||     2
       Petrified         |       |       |       |       |       |     2 ||     2
Armor: Robe              |     5 |       |       |       |       |       ||     5
       Plate armour      |    16 |   167 |   139 |       |       |       ||   322
       Crystal plate arm |       |       |    33 |   449 |   712 |   535 ||  1729
Dodge: Dodged            |    28 |    81 |   111 |   158 |   370 |   394 ||  1142

Table legend: (Time is in decaauts)
 A = Elapsed time spent in this place.
 B = Non-inter-level travel time spent in this place.
 C = Inter-level travel time spent in this place.
 D = Time resting spent in this place.
 E = Time spent auto-exploring this place.
 F = Levels seen in this place.
 G = Mean time per level.
                   A        B        C        D        E       F      G
               +--------+--------+--------+--------+--------+-----+--------+
         Total |  43990 |  42361 |   1629 |   5446 |  30276 |  32 | 1374.7 |
       Dungeon |  23382 |  22460 |    922 |   4257 |  15161 |  15 | 1558.8 |
          Lair |   8935 |   8428 |    507 |    488 |   6799 |   6 | 1489.2 |
   Spider Nest |   5009 |   4928 |     81 |    130 |   4334 |   4 | 1252.2 |
  Orcish Mines |   2259 |   2141 |    118 |     94 |   1492 |   2 | 1129.5 |
         Sewer |   1338 |   1338 |      0 |      0 |    892 |   1 | 1338.0 |
       Ossuary |    457 |    457 |      0 |      0 |    352 |   1 |  457.0 |
        Bailey |   1537 |   1537 |      0 |    400 |    596 |   1 | 1537.0 |
      Ice Cave |    487 |    487 |      0 |      0 |    310 |   1 |  487.0 |
       Volcano |    582 |    582 |      0 |     77 |    339 |   1 |  582.0 |
               +--------+--------+--------+--------+--------+-----+--------+

Top non-repeatable levels by time:
    D:11: 4142 daAuts
    D:14: 3801 daAuts
  Lair:4: 2142 daAuts
  Lair:6: 2109 daAuts
    D:15: 1764 daAuts
Spider:2: 1753 daAuts
    D:13: 1668 daAuts
Spider:1: 1626 daAuts
Spider:3: 1591 daAuts
  Bailey: 1537 daAuts
    D:12: 1504 daAuts
     D:8: 1475 daAuts
     D:7: 1449 daAuts
  Lair:5: 1370 daAuts
  Lair:1: 1358 daAuts
